 Dungeon Crawl Stone Soup version 0.31-a0-865-g3d5d91748a (webtiles) character file.

Game seed: 8751161461601250473

109 croobank the Covert (level 4, -4/41 HPs)
             Began as a Gnoll Delver on Oct 10, 2023.
             Succumbed to a hornet's poison
             ... on level 5 of the Dungeon.
             The game lasted 00:01:40 (235 turns).

croobank the Covert (Gnoll Delver)                   Turns: 235, Time: 00:01:40

Health: -4/41      AC:  3    Str: 11    XL:     4   Next: 90%
Magic:  5/5        EV: 13    Int: 12    God:
Gold:   7          SH:  0    Dex: 13    Spells: 5/5 levels left

rFire   . . .        a - +0 short sword
rCold   . . .        (no shield)
rNeg    . . .        b - +0 leather armour
rPois   .            (no helmet)
rElec   .            (no cloak)
rCorr   .            (no gloves)
SInv    .            (no boots)
Will    .....        (no amulet)
Stlth   ++++         (no ring)
HPRegen 0.26/turn    (no ring)
MPRegen 0.09/turn

%: no passive effects
@: lethally poisoned (-4 -> -31)
A: fangs 1, strong nose, distributed training
a: no special abilities


You were on level 5 of the Dungeon.
You visited 1 branch of the dungeon, and saw 2 of its levels.

You collected 7 gold pieces.

Inventory:

Hand Weapons
 a - a +0 short sword (weapon)
Armour
 b - a +0 leather armour (worn)
Wands
 g - a wand of digging (3)


   Skills:
 + Level 6.6 Fighting
 + Level 4.7 Short Blades
 + Level 1.3 Long Blades
 + Level 1.3 Axes
 + Level 1.3 Maces & Flails
 + Level 1.3 Polearms
 + Level 1.3 Staves
 + Level 1.3 Ranged Weapons
 + Level 1.3 Throwing
 + Level 1.3 Armour
 + Level 4.7 Dodging
 + Level 9.6 Stealth
 + Level 1.3 Shields
 + Level 1.3 Unarmed Combat
 + Level 1.3 Spellcasting
 + Level 1.0 Conjurations
 + Level 1.0 Hexes
 + Level 1.0 Summonings
 + Level 1.0 Necromancy
 + Level 1.0 Translocations
 + Level 1.0 Transmutations
 + Level 1.0 Fire Magic
 + Level 1.0 Ice Magic
 + Level 1.0 Air Magic
 + Level 1.0 Earth Magic
 + Level 1.0 Poison Magic
 + Level 1.4 Invocations
 + Level 1.3 Evocations
 + Level 1.2 Shapeshifting


You had 5 spell levels left.
You didn't know any spells.
Your spell library contained the following spells:

 Spells                   Type           Power      Damage    Failure   Level
 Summon Ice Beast         Ice/Summ       3%         N/A       94%         4
 Summon Mana Viper        Hex/Summ       3%         N/A       100%        5
 Monstrous Menagerie      Summ           1%         N/A       100%        7


Dungeon Overview and Level Annotations

Branches:
Dungeon (6/15)
 Temple: D:4-7

Altars:
Kikubaaqudgha
Okawaru
Wu Jian
Xom
The Shining One


Innate Abilities, Weirdness & Mutations

You have very sharp teeth.
Your uncanny sense of smell can sniff out nearby items.
Your experience applies equally to all skills.


Message History

You feel aware of your surroundings.
You sensed 1 altar, and 2 shops/portals.
A howler monkey and an iguana come into view.
Found a murky pink potion and a scroll labelled SOHOFISHREE.
Found an iron altar of Okawaru.
The howler monkey howls!
The iguana hisses angrily.
You hear an angry hiss.
The howler monkey hoots and howls with incredible vigour!
You hear an angry buzzing noise.
The iguana bites you!
An adder comes into view.
The iguana attacks as it pursues you! The iguana barely misses you.
Your extra speed is starting to run out.
A howler monkey comes into view.
A hornet comes into view.
Found a stone staircase leading up.
A water moccasin comes into view.
The water moccasin hisses angrily.
The howler monkey howls!
The adder misses you. The hornet stings you.
You feel yourself slow down.
You feel yourself speed up.
You feel yourself slow down. The hornet barely misses you.
There is a stone staircase leading up here.
Okay, then.
You aren't carrying any potions.
As you read the scroll of fog, it dissolves into smoke.
The water moccasin bites you.
The hornet stings you but does no damage.
The adder barely misses you. The water moccasin bites you!
You are poisoned.
The water moccasin poisons you! The hornet barely misses you.
The howler monkey hoots and howls with incredible vigour!
The adder closely misses you. The hornet stings you!
* * * LOW HITPOINT WARNING * * *
You are more poisoned.
You feel yourself slow down. The water moccasin barely misses you.
You hear an angry hiss.
You hear a shout! x2
You climb upwards.
Reactivating autopickup.
You feel yourself speed up.
You die...

#(#
###).######
..........#
..>.$.....#
#^........#
#.........#
#....[..S.#
##### #.@S.#
###8####y...#
#8...8#######
##.....##
#_....._#
#.....#
#8...8#
##.....##
#_....._#


You could see a hornet, a water moccasin and an adder.

Vanquished Creatures
  An ogre (D:6)
  An orc wizard (D:6)
  2 orcs (D:6)
4 creatures vanquished.

Notes
Turn   | Place    | Note
-------+----------+-------------------------------------------
     0 | D:5      | Reached skill level 9 in Stealth
     0 | D:5      | croobank the Gnoll Delver began the quest for the Orb.
     0 | D:5      | Reached XP level 1. HP: 23/23 MP: 1/1
     9 | D:6      | Noticed an ogre
    14 | D:6      | Killed an ogre
    15 | D:6      | Reached skill level 1 in Long Blades
    15 | D:6      | Reached skill level 1 in Axes
    15 | D:6      | Reached skill level 1 in Maces & Flails
    15 | D:6      | Reached skill level 1 in Polearms
    15 | D:6      | Reached skill level 1 in Staves
    15 | D:6      | Reached skill level 1 in Ranged Weapons
    15 | D:6      | Reached skill level 1 in Throwing
    15 | D:6      | Reached skill level 1 in Armour
    15 | D:6      | Reached skill level 1 in Shields
    15 | D:6      | Reached skill level 1 in Unarmed Combat
    15 | D:6      | Reached skill level 1 in Spellcasting
    15 | D:6      | Reached skill level 1 in Invocations
    15 | D:6      | Reached skill level 1 in Evocations
    15 | D:6      | Reached skill level 1 in Shapeshifting
    15 | D:6      | Reached XP level 2. HP: 29/29 MP: 1/3
    15 | D:6      | Reached XP level 3. HP: 35/35 MP: 1/4
    15 | D:6      | Reached XP level 4. HP: 41/41 MP: 1/5
    75 | D:6      | Reached skill level 1 in Conjurations
    75 | D:6      | Reached skill level 1 in Hexes
    75 | D:6      | Reached skill level 1 in Summonings
    75 | D:6      | Reached skill level 1 in Necromancy
    75 | D:6      | Reached skill level 1 in Translocations
    75 | D:6      | Reached skill level 1 in Transmutations
    75 | D:6      | Reached skill level 1 in Fire Magic
    75 | D:6      | Reached skill level 1 in Ice Magic
    75 | D:6      | Reached skill level 1 in Air Magic
    75 | D:6      | Reached skill level 1 in Earth Magic
    75 | D:6      | Reached skill level 1 in Poison Magic
   116 | D:6      | Noticed a sky beast
   116 | D:6      | Noticed a centaur
   220 | D:6      | Found an iron altar of Okawaru.
   228 | D:6      | Noticed a hornet
   230 | D:6      | Noticed a water moccasin
   235 | D:5      | Succumbed to a hornet's poison

Illustrated notes

Levels and vault maps discovered:
D:5:      layout_rooms, nicolae_overflow_hidden_temple,
          kennysheep_cross_bottleneck
D:6:      layout_basic, mainiacjoe_overflow_boulevard, serial_shops, shop,
          nicolae_diamond_shop, minivault_23

Skill      XL: |  1  2  3  4 |
---------------+-------------+-----
Stealth        | |  9.6
Long Blades    | 1 |  1.3
Axes           | 1 |  1.3
Maces & Flails | 1 |  1.3
Polearms       | 1 |  1.3
Staves         | 1 |  1.3
Ranged Weapons | 1 |  1.3
Throwing       | 1 |  1.3
Armour         | 1 |  1.3
Shields        | 1 |  1.3
Unarmed Combat | 1 |  1.3
Spellcasting   | 1 |  1.3
Invocations    | 1 |  1.4
Evocations     | 1 |  1.3
Shapeshifting  | 1 |  1.2
Conjurations   | 1 |  1.0
Hexes          | 1 |  1.0
Summonings     | 1 |  1.0
Necromancy     | 1 |  1.0
Translocations | 1 |  1.0
Transmutations | 1 |  1.0
Fire Magic     | 1 |  1.0
Ice Magic      | 1 |  1.0
Air Magic      | 1 |  1.0
Earth Magic    | 1 |  1.0
Poison Magic   | 1 |  1.0
Fighting       | |  6.6
Short Blades   | |  4.7
Dodging        | |  4.7

Action                     |  1- 3 |  4- 6 || total
---------------------------+-------+-------++-------
  Melee: Short sword       |     1 |    15 ||    16
         Bite              |       |     1 ||     1
    Use: Scroll            |       |     3 ||     3
         Potion            |       |     1 ||     1
   Stab: Sleeping          |     1 |     1 ||     2
 Armour: Leather armour    |       |    18 ||    18
  Dodge: Dodged            |       |    18 ||    18

Table legend: (Time is in decaauts)
 A = Elapsed time spent in this place.
 B = Non-inter-level travel time spent in this place.
 C = Inter-level travel time spent in this place.
 D = Time resting spent in this place.
 E = Time spent auto-exploring this place.
 F = Levels seen in this place.
 G = Mean time per level.
                   A        B        C        D        E       F      G
               +--------+--------+--------+--------+--------+-----+--------+
         Total |    217 |    217 |      0 |    110 |      0 |   2 |  108.5 |
       Dungeon |    217 |    217 |      0 |    110 |      0 |   2 |  108.5 |
               +--------+--------+--------+--------+--------+-----+--------+

Top non-repeatable levels by time:
     D:6: 141 daAuts
     D:5: 76 daAuts
